 Dungeon Crawl Stone Soup version 0.21-a0-88-g13b9641 (webtiles) character file.

2233 grisnicke the Zephyrmancer (level 9, -10/48 HPs)
             Began as a Tengu Air Elementalist on June 27, 2017.
             Was a Believer of Kikubaaqudgha.
             Mangled by an orc warrior
             ... wielding a +0 battleaxe
              (23 damage)
             ... on level 7 of the Dungeon.
             The game lasted 01:07:51 (8677 turns).

grisnicke the Zephyrmancer (Tengu Air Elementalist) Turns: 8677, Time: 01:07:52

Health: -10/48     AC:  9    Str: 10    XL:     9   Next: 36%
Magic:  0/15       EV: 15    Int: 18    God:    Kikubaaqudgha [**....]
Gold:   286        SH:  6    Dex: 17    Spells: 2/15 levels left

rFire    + + +     SeeInvis +   K - +2 spear "Enymubb" {freeze, rF+++ rC- Dex+3 SInv}
rCold    x . .     Gourm    .   g - +0 buckler {AC+3}
rNeg     . . .     Faith    .   R - +3 leather armour {rF+}
rPois    .         Spirit   .   (helmet restricted)
rElec    .         Reflect  .   (no cloak)
rCorr    .         Harm     .   (no gloves)
MR       +....                  (boots unavailable)
Stlth    ++........             (no amulet)
HPRegen  0.16/turn              E - +3 ring of evasion
MPRegen  0.14/turn              o - ring of protection from magic {MR+, !d}

@: drained
A: beak, talons 3, able to fly 1
a: Fly, Receive Corpses, Renounce Religion


You were on level 7 of the Dungeon.
You worshipped Kikubaaqudgha.
Kikubaaqudgha was pleased with you.
You were hungry.

You visited 1 branch of the dungeon, and saw 7 of its levels.

You collected 286 gold pieces.

Inventory:

Hand Weapons
 w - a +2 falchion of holy wrath
   (You found it on level 2 of the Dungeon)
 x - a +2 dagger of protection
   (You took it off an orc wizard on level 4 of the Dungeon)
 K - the +2 spear "Enymubb" (weapon) {freeze, rF+++ rC- Dex+3 SInv}
   (You took it off an orc priest on level 5 of the Dungeon)

   It has been specially enchanted to freeze those struck by it, causing extra
   injury to most foes and up to half again as much damage against particularly
   susceptible opponents.
   It can also slow down cold-blooded creatures.
   It affects your dexterity (+3).
   It renders you almost immune to fire.
   It makes you vulnerable to cold.
   It lets you see invisible.
 P - the +4 Vampire's Tooth {vamp}
   (You found it on level 4 of the Dungeon)

   It inflicts no extra harm, but heals its wielder when it wounds a living foe.
Missiles
 e - 7 javelins
 f - 26 poisoned needles
 h - 210 stones (quivered)
Armour
 a - a +0 robe
 g - a +0 buckler of protection (worn)
   (You found it on level 2 of the Dungeon)
 O - the +2 ring mail of the Amoeba {rC+ Str+5}
   (You found it on level 6 of the Dungeon)

   It affects your strength (+5).
   It protects you from cold.
 R - a +3 leather armour of fire resistance (worn)
   (You took it off Duvessa on level 6 of the Dungeon)
Magical Staves
 C - an uncursed staff of summoning {!a}
   (You took it off an orc on level 4 of the Dungeon)
Jewellery
 i - an uncursed ring of protection from fire {rF+, !d}
   (You found it on level 1 of the Dungeon)
 o - a ring of protection from magic (right hand) {MR+, !d}
   (You found it on level 1 of the Dungeon)
 u - an uncursed ring of fire {rF+, rC-}
   (You found it on level 3 of the Dungeon)
 y - an uncursed ring of protection from cold {rC+, !d}
   (You found it on level 6 of the Dungeon)
 E - a +3 ring of evasion (left hand)
   (You found it on level 5 of the Dungeon)
 L - an uncursed ring of wizardry {Wiz+, !d}
   (You found it on level 6 of the Dungeon)
Wands
 m - a wand of digging (3/24)
   (You took it off an orc on level 5 of the Dungeon)
 S - a wand of polymorph (0/24)
   (You took it off Duvessa on level 6 of the Dungeon)
Scrolls
 d - 2 scrolls of immolation {unknown}
 j - a scroll of blinking {unknown}
 n - 5 scrolls of teleportation {unknown}
 p - 2 scrolls of enchant armour {unknown}
 s - a scroll of fog {unknown}
 v - a scroll of enchant weapon {unknown}
 F - a scroll of remove curse
 G - a scroll of magic mapping {unknown}
 I - a scroll of brand weapon {unknown}
 N - a scroll of random uselessness {unknown}
Potions
 k - 5 potions of mutation {unknown}
 l - 2 potions of brilliance
 r - a potion of agility
 t - a potion of invisibility
 A - a potion of cancellation
 B - a potion of curing
 J - 2 potions of degeneration {unknown}
 M - 2 potions of haste {unknown}
Books
 b - a book of Air
 D - Kikubaaqudgha's Volume of Unholy Magic
   (Kikubaaqudgha gifted it to you on level 5 of the Dungeon)

   Spells                             Type                      Level
   a - Animate Skeleton               Necromancy                   1
   b - Corpse Rot                     Necromancy                   2
   c - Sublimation of Blood           Necromancy                   2
   d - Regeneration                   Charms/Necromancy            3
   e - Control Undead                 Necromancy                   4
Comestibles
 c - 3 bread rations {@e1}
 q - 4 meat rations {@e2}
 z - 12 chunks of flesh {@w0}
 H - 12 fruits


   Skills:
 - Level 2.0 Fighting
 - Level 2.1 Dodging
 - Level 2.0(1.9) Stealth
 - Level 5.4(5.3) Shields
 - Level 3.8 Spellcasting
 - Level 5.0(4.9) Conjurations
 - Level 2.9 Necromancy
 + Level 11.6 Air Magic


You had 2 spell levels left.
You knew the following spells:

 Your Spells              Type           Power        Failure   Level  Hunger
a - Shock                 Conj/Air       ####         1%          1    None
b - Airstrike             Air            #####.....   1%          4    ####...
s - Swiftness             Chrm/Air       ###.....     2%          2    ##.....
x - Lightning Bolt        Conj/Air       ####......   19%         5    ######.
A - Animate Skeleton      Necr           N/A          6%          1    None


Dungeon Overview and Level Annotations

Branches:
Dungeon (7/15)             Temple (0/1) D:4

Altars:
Kikubaaqudgha
Nemelex Xobeh
Trog
Uskayaw
Xom

Annotations:
D:4 vamp dagger, Celandrion's ghost, novice NaTm
D:7 Edmund


Innate Abilities, Weirdness & Mutations

You have a beak for a mouth.
You have claws for feet.
You can fly.


Message History

You kill the orc!
Kikubaaqudgha accepts your kill. The orc barely misses you.
You hit the orc. You freeze the orc. You claw the orc.
You kill the orc!
Kikubaaqudgha accepts your kill.
z - 10 chunks of flesh {@w0} (gained 4)
Items here: )) [ † a dagger; a leather armour; a club; an orc corpse You attempt to give life to the dead...
Before your eyes, flesh is ripped from the corpse!
The dead are walking!
z - 12 chunks of flesh {@w0} (gained 2)
Things that are here:
a leather armour; a club An orc wizard comes into view.
It is wielding a dagger.
You now have 5/15 mp.
Aim: an orc wizard, wielding a dagger and wearing a robe The zap misses the orc wizard.
You now have 5/15 mp.
The orc wizard casts a spell at you. The magic dart hits you!
You take 4 damage, and have 33/48 hp.
You closely miss the orc wizard. Your kick misses the orc wizard.
Your peck misses the orc wizard.
The orc wizard hits you but does no damage.
The orc wizard hits you but does no damage.
Your orc priest skeleton hits the orc wizard but does no damage.
Aim: an orc wizard, wielding a dagger and wearing a robe The zap hits the orc wizard.
The orc wizard casts a spell.
The orc wizard blinks!
The orc wizard hits your orc priest skeleton with a dagger.
Your orc priest skeleton barely misses the orc wizard.
You swap places.
The orc wizard barely misses you.
Aim: an orc wizard, wielding a dagger and wearing a robe (moderately wounded)
The zap hits the orc wizard.
Your orc skeleton barely misses the orc wizard.
The orc wizard barely misses you.
You now have 4/15 mp.
You hit the orc wizard but do no damage.
The orc warrior hits your orc priest skeleton with a battleaxe!!
Your orc priest skeleton is destroyed!
The orc wizard misses you.
Your orc skeleton hits the orc wizard but does no damage.
You strike the helpless orc wizard from behind!
You hit the orc wizard. You freeze the orc wizard.
You kill the orc wizard!
Kikubaaqudgha accepts your kill.
You swap places.
The orc warrior hits your orc skeleton with a battleaxe!
Your orc skeleton is destroyed!
Items here: ! ) [ † a dagger; a robe; a bubbling red potion; an orc corpse You attempt to give life to the dead...
Before your eyes, flesh is ripped from the corpse!
The dead are walking!
Things that are here:
4 chunks of flesh {@w0}; a bubbling red potion You now have 4/15 mp.
Okay, then.
Okay, then.
Things that are here:
a leather armour; a club
Okay, then.
There is a stone staircase leading up, spattered with blood here.
Okay, then.
Aim: an orc warrior, wielding a battleaxe and wearing a plate armour The air twists around and strikes the orc warrior!
Your orc wizard skeleton hits the orc warrior but does no damage.
The orc warrior hits you with a battleaxe.
The orc warrior hits your orc wizard skeleton with a battleaxe!
You take 2 damage, and have 33/48 hp.
You now have 0/15 mp.
You don't have enough magic to cast that spell.
You hit the orc warrior but do no damage.
You claw the orc warrior. Your peck misses the orc warrior.
Your orc wizard skeleton hits the orc warrior but does no damage.
The orc warrior closely misses you.
The orc warrior hits your orc wizard skeleton with a battleaxe!
You barely miss the orc warrior. Your kick misses the orc warrior.
Your orc wizard skeleton hits the orc warrior but does no damage.
You hit the orc warrior but do no damage.
Your kick misses the orc warrior. The orc warrior closely misses you.
The orc warrior completely misses your orc wizard skeleton.
You hit the orc warrior. You freeze the orc warrior. You claw the orc warrior.
Your orc wizard skeleton hits the orc warrior but does no damage.
The orc warrior misses you.
The orc warrior hits your orc wizard skeleton with a battleaxe!
Your orc wizard skeleton is destroyed!
A giant cockroach comes into view.
You closely miss the orc warrior. Your kick misses the orc warrior.
The orc warrior hits you with a battleaxe!!
* * * LOW HITPOINT WARNING * * *
You take 21 damage, and have 13/48 hp.
MASSIVE DAMAGE!!
Aim: a giant cockroach The zap hits the orc warrior.
The zap misses the giant cockroach.
The orc warrior hits you with a battleaxe!!
You die...
Kikubaaqudgha rasps: "You have failed me!
Welcome... death!"

.# .# .# .#
###########
#@........%
#o########.
###)####### .
#..%....... #
.. #.#s#######
. #. #..).....#
.##.
#.......... ...
#...########.#.
#.. #...#
.....##..


You could see an orc warrior and a giant cockroach.

Vanquished Creatures
  A hippogriff (D:7)
  Duvessa (D:6)
  An ice beast (D:5)
  An orc warrior (D:6)
  4 ogres
  A centaur (D:7)
  Blork the orc (D:5)
  A bullfrog (D:5)
  2 scorpions (D:5)
  Dowan (D:6)
  A killer bee (D:6)
  2 vampire bats (D:4)
  A howler monkey (D:4)
  3 crimson imps
  2 orc priests
  2 bullfrog skeletons
  A hound (D:4)
  7 orc wizards
  3 iguanas (D:5)
  2 worker ants
  A hound zombie (D:5)
  A hound skeleton (D:4)
  13 adders
  2 shadow imps
  2 worms (D:3)
  2 adder skeletons
  3 dart slugs
  8 leopard geckos
  21 orcs
  2 giant cockroaches
  5 goblins
  5 hobgoblins
  14 jackals
  9 kobolds
  3 quokkas
  3 ball pythons
  17 bats
  6 frilled lizards
  6 rats
161 creatures vanquished.

Vanquished Creatures (collateral kills)
  2 worker ants (D:5)
  A killer bee zombie (D:6)
  An orc (D:5)
  A quokka zombie (D:5)
5 creatures vanquished.

Grand Total: 166 creatures vanquished

Notes
Turn   | Place    | Note
-------+----------+-------------------------------------------
     0 | D:1      | grisnicke the Tengu Air Elementalist began the quest for the Orb.
     0 | D:1      | Reached XP level 1. HP: 10/10 MP: 4/4
   366 | D:1      | Reached XP level 2. HP: 15/15 MP: 6/6
   508 | D:1      | Found a shimmering altar of Xom.
   512 | D:1      | Reached skill level 5 in Air Magic
   519 | D:1      | Learned a level 2 spell: Swiftness
   590 | D:1      | Reached skill level 2 in Conjurations
   821 | D:1      | Reached XP level 3. HP: 18/19 MP: 5/7
  1235 | D:2      | Reached skill level 3 in Conjurations
  1519 | D:2      | Reached skill level 4 in Conjurations
  1519 | D:2      | Reached XP level 4. HP: 24/24 MP: 3/8
  2424 | D:3      | Reached skill level 5 in Conjurations
  2433 | D:3      | Learned a level 4 spell: Airstrike
  2589 | D:3      | Found an ancient bone altar of Kikubaaqudgha.
  2598 | D:3      | Became a worshipper of Kikubaaqudgha
  2659 | D:3      | Reached skill level 1 in Fighting
  2659 | D:3      | Gained mutation: You can fly. [Tengu growth]
  2659 | D:3      | Reached XP level 5. HP: 21/29 MP: 6/9
  2818 | D:3      | arlemor: can you help me?
  2882 | D:3      | arlemor: I cant go downstairs
  2953 | D:3      | arlemor: keys are swapped
  2955 | D:3      | arlemor: !!!!
  3574 | D:4      | Noticed Celandrion's ghost (novice NaTm)
  3877 | D:4      | Reached skill level 2 in Fighting
  3877 | D:4      | Reached XP level 6. HP: 14/35 MP: 8/11
  4419 | D:4      | Found a staircase to the Ecumenical Temple.
  4460 | D:4      | Reached skill level 1 in Shields
  4460 | D:4      | Reached skill level 6 in Air Magic
  4717 | D:4      | Reached skill level 2 in Shields
  4954 | D:4      | Reached XP level 7. HP: 39/40 MP: 12/12
  4976 | D:5      | Entered Level 5 of the Dungeon
  5312 | D:4      | Reached skill level 7 in Air Magic
  5347 | D:5      | Reached * piety under Kikubaaqudgha
  5347 | D:5      | Identified Kikubaaqudgha's Volume of Unholy Magic (Kikubaaqudgha gifted it to you on level 5 of the Dungeon)
  5347 | D:5      | Received a gift from Kikubaaqudgha
  5347 | D:5      | Reached skill level 3 in Shields
  5351 | D:5      | Learned a level 1 spell: Animate Skeleton
  5455 | D:5      | Reached skill level 1 in Necromancy
  5638 | D:5      | Reached skill level 4 in Shields
  5638 | D:5      | Reached skill level 2 in Necromancy
  5876 | D:5      | Reached XP level 8. HP: 44/44 MP: 7/13
  6100 | D:5      | Reached skill level 3 in Spellcasting
  6241 | D:5      | Reached skill level 5 in Shields
  6476 | D:5      | Got a dazzling spear {freeze}
  6484 | D:5      | Identified the cursed +2 spear "Enymubb" {freeze, rF+++ rC- Dex+3 SInv} (You took it off an orc priest on level 5 of the Dungeon)
  6607 | D:5      | Found a bloodstained altar of Trog.
  6671 | D:5      | Learned a level 5 spell: Lightning Bolt
  6753 | D:6      | Found a sparkling altar of Nemelex Xobeh.
  6765 | D:6      | Noticed Dowan
  6769 | D:6      | Killed Dowan
  6770 | D:6      | Noticed Duvessa
  6869 | D:6      | Found a hide-covered altar of Uskayaw.
  6891 | D:6      | Reached skill level 8 in Air Magic
  7070 | D:6      | Got a jasper-encrusted ring mail
  7152 | D:6      | Noticed Edmund
  7152 | D:6      | Noticed Blork the orc
  7575 | D:5      | Killed Blork the orc
  7575 | D:5      | Reached skill level 9 in Air Magic
  7602 | D:5      | Identified the +2 ring mail of the Amoeba {rC+ Str+5} (You found it on level 6 of the Dungeon)
  7751 | D:6      | Killed Duvessa
  7976 | D:4      | Reached ** piety under Kikubaaqudgha
  7976 | D:4      | Reached XP level 9. HP: 46/48 MP: 9/15
  7977 | D:4      | Reached skill level 10 in Air Magic
  8368 | D:6      | HP: 12/48 [killer bee (6)]
  8369 | D:6      | HP: 5/48 [killer bee (4)]
  8510 | D:6      | Reached skill level 11 in Air Magic
  8677 | D:7      | Mangled by an orc warrior

Vault maps used:
D:1:      dpeg_arrival_boxes_within_box, xom_teletrap_fun
D:3:      lemuel_crystal_altar, minivault_14, minmay_statues_item,
          bh_walls_and_bars
D:4:      minmay_temple_entry_junction, first_bread,
          minmay_guarded_unrand_vampires_tooth
D:5:      lemuel_doored_altar, guppyfry_early_lair_pool
D:6:      nemelex_xobeh_ov_fountains_minmay, lemuel_crystal_altar, uniq_edmund,
          uniq_duvessa, uniq_blork_the_orc
D:7:      slow_altar_2, serial_shops, kennysheep_mini_moat, minmay_ruined_shrine

Skill      XL: |  1  2  3  4  5  6  7  8  9 |
---------------+----------------------------+-----
Air Magic      | 5 6 7 9 11 | 11.6
Conjurations   | 2 4 5 |  5.0
Fighting       | 1 2 |  2.0
Shields        | 2 4 5 |  5.4
Necromancy     | 2 |  2.9
Spellcasting   | 3 |  3.8
Dodging        | |  2.1
Stealth        | |  2.0

Action                   |  1- 3 |  4- 6 |  7- 9 || total
-------------------------+-------+-------+-------++-------
Melee: Whip              |    32 |     7 |       ||    39
       Kick              |     4 |    16 |    16 ||    36
       Peck              |     3 |     4 |    11 ||    18
       Falchion          |       |    50 |    27 ||    77
       Dagger            |       |    13 |     4 ||    17
       Spear             |       |       |    63 ||    63
Throw: Javelin           |     7 |     1 |     6 ||    14
       Stone             |     6 |    39 |    13 ||    58
 Cast: Shock             |    28 |    72 |   118 ||   218
       Animate Skeleton  |       |       |    17 ||    17
       Airstrike         |       |       |    22 ||    22
  Use: Scroll            |       |     4 |     4 ||     8
       Potion            |       |       |     1 ||     1
 Stab: Sleeping          |     3 |     4 |     2 ||     9
       Distracted        |       |     1 |     2 ||     3
  Eat: Chunk             |     2 |    10 |    12 ||    24
       Royal jelly       |       |     1 |     1 ||     2
       Fruit             |       |       |     1 ||     1
Armor: Robe              |    12 |    25 |    14 ||    51
       Leather armour    |       |       |    15 ||    15
Dodge: Dodged            |    30 |    57 |    95 ||   182
Block: Buckler           |       |     5 |    32 ||    37
       Rpst.: Falchion   |       |    10 |     7 ||    17

Vault maps used:
D:1:      dpeg_arrival_boxes_within_box, xom_teletrap_fun
D:3:      lemuel_crystal_altar, minivault_14, minmay_statues_item,
          bh_walls_and_bars
D:4:      minmay_temple_entry_junction, first_bread,
          minmay_guarded_unrand_vampires_tooth
D:5:      lemuel_doored_altar, guppyfry_early_lair_pool
D:6:      nemelex_xobeh_ov_fountains_minmay, lemuel_crystal_altar, uniq_edmund,
          uniq_duvessa, uniq_blork_the_orc
D:7:      slow_altar_2, serial_shops, kennysheep_mini_moat, minmay_ruined_shrine

Table legend:
 A = Turns spent in this place as a percentage of turns spent in the entire game.
 B = Non-inter-level travel turns spent in this place as a percentage of non-inter-level travel turns spent in the entire game.
 C = Inter-level travel turns spent in this place as a percentage of turns spent in this place.
 D = Turns resting spent in this place as a percentage of non-inter-level travel turns spent in this place.
 E = Turns spent auto-exploring this place as a percentage of non-inter-level travel turns spent in this place.
 F = Non-inter-level travel turns spent in this place divided by the number of levels of this place that you've seen.
                   A       B       C       D       E      F
               +-------+-------+-------+-------+-------+----------------------
         Total | 100.0 | 100.0 |   0.8 |   4.7 |   4.6 | 368.6
       Dungeon | 100.0 | 100.0 |   0.8 |   4.7 |   4.6 | 368.6
               +-------+-------+-------+-------+-------+----------------------

Table legend:
 A = Kills in this place as a percentage of kills in entire the game.
 B = Kills by you in this place as a percentage of kills by you in the entire game.
 C = Kills by friends in this place as a percentage of kills by friends in the entire game.
 D = Other kills in this place as a percentage of other kills in the entire game.
 E = Experience gained in this place as a percentage of experience gained in the entire game.
 F = Experience gained in this place divided by the number of levels of this place that you have seen.
                   A       B       C       D       E      F
               +-------+-------+-------+-------+-------+----------------------
         Total | 100.0 | 100.0 | 100.0 |  -nan | 100.0 | 455.9
       Dungeon | 100.0 | 100.0 | 100.0 |  -nan | 100.0 | 455.9
               +-------+-------+-------+-------+-------+----------------------
